 Dungeon Crawl Stone Soup version 0.32-a0-40-g2adb59a (webtiles) character file.

Game seed: 12629886578530955026

1157 Dorkslayer the Ruffian (level 8, -6/50 HPs)
             Began as an Octopode Shapeshifter on Jan 24, 2024.
             Killed by nerve-wracking pain
             ... invoked by a shadow imp
              (14 damage)
             ... on level 6 of the Dungeon.
             The game lasted 00:08:12 (3042 turns).

Dorkslayer the Ruffian (Octopode Shapeshifter)      Turns: 3042, Time: 00:08:13

Health: -6/50      AC:  2    Str: 15    XL:     8   Next: 39%
Magic:  8/8        EV: 13    Int: 13    God:
Gold:   110        SH:  5    Dex: 11    Spells: 7/7 levels left

rFire   + . .        p - +4 hand axe (drain)
rCold   . . .        (no shield)
rNeg    . . .        (helmet currently unavailable)
rPois   .            k - amulet of reflection
rElec   .            (no ring)
rCorr   .            (no ring)
SInv    .            (no ring)
Will    .....        (no ring)
Stlth   +++          (no ring)
HPRegen 0.28/turn    (no ring)
MPRegen 0.11/turn    (no ring)
                     (no ring)

%: reflection
@: mighty, beast-form, hasted, very quick
A: beast (slay +2), almost no armour, amphibious, 8 rings, camouflage 1,
gelatinous body 1, (nimble swimmer 1), tentacles, fire resistance 1, shaggy fur
1, wild magic 1
a: Begin Untransformation


You were on level 6 of the Dungeon.
You were a hulking beast.
You visited 1 branch of the dungeon, and saw 5 of its levels.

You collected 194 gold pieces.
You spent 84 gold pieces at shops.

Inventory:

Hand Weapons
 d - a +3 flail
 p - a +4 hand axe of draining (weapon)
Missiles
 s - 2 boomerangs (quivered)
Jewellery
 k - an amulet of reflection (around mantle)
Talismans
 b - a beast talisman
 c - a flux talisman
Wands
 g - a wand of iceblast (1)
 m - a wand of flame (14)
Scrolls
 e - 3 scrolls of teleportation {unknown}
 f - a scroll of poison {unknown}
 h - 2 scrolls of fear
 i - a scroll of noise {unknown}
 j - 2 scrolls of fog {unknown}
 l - a scroll of revelation {unknown}
 n - 2 scrolls of enchant armour
 o - a scroll of vulnerability {unknown}
Potions
 a - 2 potions of lignification
 r - a potion of might


   Skills:
 + Level 2.1 Fighting
 * Level 3.9 Axes
 + Level 2.8 Dodging
 + Level 4.2 Stealth
 + Level 2.0 Shields
 * Level 6.4 Unarmed Combat
 * Level 3.5 Evocations
 + Level 3.7 Shapeshifting


You had 7 spell levels left.
You didn't know any spells.
Your spell library contained the following spells:

 Spells                   Type           Power      Damage    Failure   Level
 Ensorcelled Hibernation  Hex/Ice        0%         N/A       52%         2
 Inner Flame              Hex/Fire       0%         N/A       75%         3
 Ozocubu's Armour         Ice            0%         N/A       75%         3
 Passwall                 Erth           0%         N/A       75%         3
 Swiftness                Air            0%         N/A       75%         3
 Flame Wave               Conj/Fire      0%         2d4       98%         4
 Sticky Flame             Fire/Alch      0%         2d4       98%         4
 Metabolic Englaciation   Hex/Ice        0%         N/A       100%        5
 Sculpt Simulacrum        Ice/Alch       0%         N/A       100%        6


Dungeon Overview and Level Annotations

Branches:
Dungeon (4/15)
 Temple: D:4-7

Altars:
Qazlal
Ru
Trog
Zin

Shops:
D:3 *:


Innate Abilities, Weirdness & Mutations

You are a hulking beast.
Your limbs bulge with bestial killing power. (Slay +2)
You cannot wear most types of armour.
You are amphibious.
You can wear up to eight rings at the same time.
Your skin changes colour to match your surroundings (Stealth+).
Your rubbery body absorbs attacks. (AC +1, EV +1)
((You are camouflaged when in or above water. (Stealth+)))
You have tentacles for arms and can constrict up to eight enemies at once.
Your flesh is heat resistant. (rF+)
You are covered in fur. (AC +1)
Your spells are a little harder to cast, but a little more powerful.


Message History

Aiming: Iceblast
Press: ? - help, Shift-Dir - straight line, f - Sigmund
Aim: Sigmund, wielding a +0 scythe, wearing a +0 robe and carrying a wand of flame The mass of ice explodes!
The iceblast engulfs Sigmund!!
Sigmund is severely wounded.
You hear a shout! x2
Sigmund zaps a wand.
The puff of flame hits you. You resist.
Aiming: Iceblast
Press: ? - help, Shift-Dir - straight line, f/p - Sigmund
Aim: Sigmund, wielding a +0 scythe, wearing a +0 robe and carrying a wand of flame (severely wounded)
The mass of ice explodes!
The iceblast engulfs Sigmund!
You kill Sigmund!
Your Shields skill increases to level 2!
Aiming: Iceblast
Press: ? - help, Shift-Dir - straight line, f - orc warrior
Aim: an orc warrior, wielding a +0 arbalest and wearing a +0 plate armour The mass of ice explodes!
The iceblast engulfs the orc warrior.
The orc warrior is moderately wounded.
The orc warrior shoots a bolt.
The bolt hits you!!
Unknown command.
Aiming: Iceblast
Press: ? - help, Shift-Dir - straight line, f/p - orc warrior
Aim: an orc warrior, wielding a +0 arbalest and wearing a +0 plate armour (moderately wounded)
The mass of ice explodes!
The iceblast engulfs the orc warrior.
The orc warrior is moderately wounded.
Unknown command.
An orc wizard comes into view. It is wielding a +0 dagger.
The shadow imp grins evilly.
It was a potion of might.
You feel very mighty all of a sudden.
The orc warrior unwields a +0 arbalest.
The orc warrior wields a +0 battleaxe.
The orc warrior hits you with a +0 battleaxe!!
* * * LOW HITPOINT WARNING * * *
You completely miss the orc warrior. You grab the orc warrior.
You squeeze the orc warrior!
The orc warrior is severely wounded.
You constrict the orc warrior, but do no damage.
The shadow imp gestures at you. Pain shoots through your body!
You die...

## ###. #.. ##.#
#..# ##..# ##.o.+
###..#h# ###
#..o##.# ###
#.)o...#######
#######.............
........†5..#....#
.###...........#.#
#.##o##...###.###
#.##............+
#..............##


You could see an orc warrior, an orc wizard and a shadow imp.

Vanquished Creatures
  Pikel (D:4)
  Sigmund (D:6)
  Duvessa (D:4)
  Dowan (D:4)
  A hound (D:3)
  3 orc priests
  A sleepcap (D:4)
  Jessica (D:2)
  An orc wizard (D:4)
  Ijyb (D:3)
  Robin (D:2)
  5 adders
  3 dart slugs
  A ribbon worm (D:2)
  6 orcs
  7 ball pythons
  6 endoplasms
  3 giant cockroaches
  14 goblins
  5 hobgoblins
  3 jackals (D:2)
  3 quokkas
  4 bats
  A frilled lizard (D:2)
  5 kobolds
  9 rats
88 creatures vanquished.

Notes
Turn   | Place    | Note
-------+----------+-------------------------------------------
     0 | D:1      | Dorkslayer the Octopode Shapeshifter began the quest for
                  | the Orb.
     0 | D:1      | Reached XP level 1. HP: 13/13 MP: 1/1
   165 | D:1      | Reached XP level 2. HP: 15/18 MP: 2/2
   564 | D:1      | Reached XP level 3. HP: 23/23 MP: 3/3
   744 | D:2      | Noticed Jessica
   760 | D:2      | Killed Jessica
   761 | D:2      | Reached skill level 4 in Unarmed Combat
   870 | D:2      | Found a stormy altar of Qazlal.
   876 | D:2      | Reached XP level 4. HP: 28/28 MP: 4/4
   900 | D:2      | Reached skill level 1 in Stealth
  1105 | D:2      | Noticed Robin
  1126 | D:2      | Killed Robin
  1127 | D:2      | Reached XP level 5. HP: 30/33 MP: 5/5
  1198 | D:2      | Gained mutation: You are dopey. (Int -2) [potion of
                  | mutation]
  1198 | D:2      | Gained mutation: You are weak. (Str -2) [potion of
                  | mutation]
  1198 | D:2      | Gained mutation: Your flesh is heat resistant. (rF+)
                  | [potion of mutation]
  1199 | D:2      | Lost mutation: You are weak. (Str -2) [potion of mutation]
  1199 | D:2      | Lost mutation: You are dopey. (Int -2) [potion of mutation]
  1199 | D:2      | Gained mutation: You are covered in fur. (AC +1) [potion of
                  | mutation]
  1199 | D:2      | Gained mutation: Your spells are a little harder to cast,
                  | but a little more powerful. [potion of mutation]
  1473 | D:3      | Found Wodasu's Book Emporium.
  1498 | D:3      | Found a bloodstained altar of Trog.
  1689 | D:3      | Found a sacrificial altar of Ru.
  1752 | D:3      | Found Laoptyce's Assorted Antiques.
  1752 | D:3      | Noticed Ijyb
  1764 | D:3      | Killed Ijyb
  1765 | D:3      | Reached skill level 1 in Shields
  1771 | D:3      | Bought a scroll labelled NEN HENUJO for 21 gold pieces
  1771 | D:3      | Bought a scroll labelled CORIER MOHISA for 21 gold pieces
  1771 | D:3      | Bought a scroll of identify for 42 gold pieces
  1928 | D:3      | Reached skill level 1 in Evocations
  2094 | D:3      | Reached XP level 6. HP: 12/38 MP: 6/6
  2284 | D:3      | Reached skill level 5 in Unarmed Combat
  2396 | D:3      | Found a glowing silver altar of Zin.
  2396 | D:3      | Noticed an angel
  2701 | D:4      | Noticed Pikel
  2715 | D:4      | Killed Pikel
  2716 | D:4      | Reached skill level 6 in Unarmed Combat
  2716 | D:4      | Reached XP level 7. HP: 40/44 MP: 7/7
  2787 | D:4      | Noticed Duvessa
  2792 | D:4      | Noticed Dowan
  2797 | D:4      | Killed Duvessa
  2797 | D:4      | Killed Dowan
  2798 | D:4      | Reached XP level 8. HP: 30/50 MP: 8/8
  2999 | D:4      | You fall into a shaft and drop 2 floors!
  3019 | D:6      | Noticed Sigmund
  3035 | D:6      | Killed Sigmund
  3042 | D:6      | Killed from afar by a shadow imp

Illustrated notes

Levels and vault maps discovered:
D:1:      saegor_arrival_simple_a, layout_loops_cross
D:2:      layout_basic, basic_altar, uniq_robin, uniq_jessica
D:3:      layout_basic, trog_butcher_becter, zin_angel,
          mainiacjoe_overflow_chevrons, serial_shops, shop, shop, uniq_ijyb
D:4:      layout_loops_ring, ebering_ghost_reflecting_pool, wad_rectangle_vault,
          uniq_duvessa, uniq_pikel
D:6:      cheibrodos_fertilizer, layout_basic, lemuel_doored_altar,
          nicolae_gozag_seed_capital, uniq_sigmund

Skill      XL: |  1  2  3  4  5  6  7  8 |
---------------+-------------------------+-----
Unarmed Combat | 4 6 |  6.4
Stealth        | 1 2 3 4 |  4.2
Shields        | 1 2 |  2.0
Evocations     | 2 3 |  3.5
Axes           | 2 3 |  3.9
Fighting       | 2 |  2.1
Dodging        | |  2.8
Shapeshifting  | |  3.7

Action                     |  1- 3 |  4- 6 |  7- 9 || total
---------------------------+-------+-------+-------++-------
  Melee: Unarmed           |    46 |    81 |       ||   127
         Constrict         |    14 |    25 |     4 ||    43
         Tentacles         |    10 |    23 |     2 ||    35
         Punch             |       |     3 |     1 ||     4
         Hand axe          |       |    39 |    12 ||    51
  Evoke: Wand              |       |       |     4 ||     4
    Use: Potion            |       |     4 |     2 ||     6
         Scroll            |       |     5 |       ||     5
   Stab: Sleeping          |     2 |     8 |       ||    10
         Distracted        |       |     1 |       ||     1
 Armour: Skin              |    16 |    52 |    12 ||    80
  Dodge: Dodged            |    23 |    50 |     8 ||    81
  Block: Other             |     1 |    25 |     3 ||    29
         Reflection        |       |     1 |     1 ||     2

Table legend: (Time is in decaauts)
 A = Elapsed time spent in this place.
 B = Non-inter-level travel time spent in this place.
 C = Inter-level travel time spent in this place.
 D = Time resting spent in this place.
 E = Time spent auto-exploring this place.
 F = Levels seen in this place.
 G = Mean time per level.
                   A        B        C        D        E       F      G
               +--------+--------+--------+--------+--------+-----+--------+
         Total |   3041 |   3041 |      0 |      0 |   1768 |   5 |  608.2 |
       Dungeon |   3041 |   3041 |      0 |      0 |   1768 |   5 |  608.2 |
               +--------+--------+--------+--------+--------+-----+--------+

Top non-repeatable levels by time:
     D:3: 1016 daAuts
     D:2: 746 daAuts
     D:1: 672 daAuts
     D:4: 565 daAuts
     D:6: 40 daAuts
